Map: Deathaura LE

Players

JimRising

  • Race: Zerg Zerg
  • League: Grandmaster
  • Spawn Location: 11:00

Darkness - Winner!

  • Race: Protoss Protoss
  • League: Master
  • Spawn Location: 5:00

Event: DreamHack SC2 Masters 2020 Fall

VOD

Have the link to the VOD?

Description

Time

  • Played on: Aug. 27, 2020, 3:59 p.m.
  • Length: 12:46

All games in this series

Show
View Real Time Build Order
Export as new Build Order

JimRising Zerg 

Build Orders: Hatch First 

Get SALT Encoding   

  12  0:00  Drone  
  13  0:13  Overlord  
  13  0:17  Drone  
  14  0:31  Drone x2  
  16  0:48  Hatchery  
  15  0:52  Drone  
  15  0:55  Drone  
  17  0:59  Drone  
  18  1:06  Extractor  
  17  1:17  Spawning Pool  
  17  1:18  Drone  
  17  1:23  Drone  
  18  1:30  Drone  
  19  1:41  Drone  
  20  1:50  Overlord  
  20  2:01  Drone x2  
  22  2:03  Queen  
  22  2:04  Queen  
  26  2:10  Metabolic Boost  
  26  2:14  Zergling x2  
  27  2:17  Zergling x2  
  28  2:23  Drone  
  28  2:24  Drone  
  30  2:32  Drone  
  30  2:33  Drone  
  32  2:47  Hatchery  
  32  2:48  Drone x2  
  33  2:53  Overlord  
  33  3:02  Queen  
  33  3:03  Overlord  
  35  3:07  Spore Crawler  
  35  3:08  Drone  
  35  3:11  Drone  
  36  3:13  Drone x2  
  36  3:16  Drone  
  36  3:18  Drone  
  36  3:19  Drone  
  41  3:22  Drone  
  41  3:27  Evolution Chamber  
  41  3:32  Zergling x4  
  43  3:41  Drone x4  
  43  3:54  Drone x3  
  43  3:57  Queen  
  43  4:01  Zergling x4  
  47  4:05  Spore Crawler  
  47  4:06  Zerg Melee Weapons Level 1  
  47  4:09  Zergling x4  
  48  4:14  Zergling x6  
  51  4:24  Drone x3  
  51  4:30  Drone x4  
  58  4:34  Overlord  
  58  4:37  Overlord  
  58  4:40  Spore Crawler  
  57  4:48  Drone  
  57  4:51  Queen  
  56  5:01  Drone x3  
  56  5:02  Drone x5  
  56  5:03  Queen  
  56  5:04  Overlord  
  65  5:09  Queen  
  65  5:10  Drone x3  
  65  5:12  Overlord  
  65  5:14  Overlord  
  70  5:17  Zergling x4  
  71  5:35  Lair  
  71  5:37  Zergling x8  
  71  5:38  Zergling x8  
  71  5:41  Hatchery  
  78  5:47  Zergling x2  
  78  5:48  Zergling x4  
  81  5:50  Drone x2  
  81  5:51  Drone x2, Extractor  
  81  5:52  Extractor  
  83  5:57  Drone  
  83  5:58  Extractor  
  83  6:00  Roach Warren  
  80  6:06  Drone x3  
  80  6:10  Drone x8  
  88  6:17  Drone x2, Baneling Nest  
  88  6:18  Drone  
  88  6:19  Drone, Extractor  
  88  6:20  Drone, Extractor, Overlord  
  89  6:29  Overlord x2  
  89  6:42  Drone x2  
  89  6:43  Drone x4  
  91  6:50  Zergling x2  
  91  6:51  Zergling x6  
  91  6:53  Zerg Melee Weapons Level 2  
  92  6:54  Drone x3  
  92  6:55  Drone  
  95  7:02  Centrifical Hooks  
  95  7:06  Drone  
  95  7:08  Drone x4  
  100  7:09  Spore Crawler  
  100  7:10  Roach x2, Overlord x2  
  103  7:21  Drone  
  102  7:23  Roach x3  
  102  7:28  Drone x2  
  102  7:29  Roach x2  
  116  7:30  Roach x2  
  116  7:33  Glial Reconstitution  
  116  7:35  Zergling x8  
  122  7:40  Zergling x2  
  122  7:41  Zergling x2  
  122  7:43  Roach  
  126  7:44  Zergling x2  
  126  7:49  Zergling x2  
  126  7:50  Zergling x6  
  130  7:52  Zergling x4  
  130  7:53  Zergling x2  
  130  7:57  Hatchery  
  131  7:58  Ravager x2  
  131  7:59  Ravager x3, Zergling x2  
  131  8:04  Baneling x4  
  135  8:06  Zergling x2  
  135  8:07  Overlord x5  
  136  8:12  Baneling  
  136  8:13  Baneling x5  
  136  8:15  Overlord x2  
  136  8:18  Queen  
  134  8:30  Drone x3  
  134  8:31  Overlord  
  134  8:33  Extractor  
  136  8:36  Hydralisk Den  
  136  8:38  Zergling x8  
  136  8:39  Zergling x14  
  136  8:41  Extractor  
  144  8:49  Infestation Pit, Roach x4  
  144  8:50  Roach  
  144  8:51  Drone  
  144  8:52  Drone x5, Overlord  
  144  8:53  Drone  
  160  8:58  Baneling x12  
  160  8:59  Baneling x4  
  161  9:02  Zergling x2  
  161  9:03  Zergling x10  
  166  9:11  Zergling x12  
  166  9:15  Muscular Augments, Zerg Missile Weapons Level 1  
  140  9:39  Zergling x2  
  140  9:40  Zergling x32  
  140  9:42  Hive  
  154  9:47  Evolution Chamber, Baneling x5  
  154  9:48  Baneling x3  
  147  9:52  Drone  
  147  9:53  Drone  
  147  9:54  Roach  
  147  9:55  Roach x3, Zergling x6  
  147  9:56  Baneling x11  
  147  9:57  Zergling x8, Baneling x4  
  163  10:02  Drone  
  164  10:10  Drone x4  
  164  10:11  Zergling x2  
  164  10:12  Zergling x10  
  164  10:13  Overlord  
  174  10:15  Drone  
  174  10:17  Zergling x2  
  176  10:24  Zergling x14  
  176  10:26  Grooved Spines  
  183  10:32  Spine Crawler, Spore Crawler  
  183  10:34  Zerg Ground Armor Level 1  
  183  10:35  Spine Crawler  
  172  10:45  Zergling x10  
  172  10:50  Hydralisk  
  172  10:51  Hydralisk x11  
  191  11:00  Drone  
  191  11:01  Drone  
  191  11:04  Spine Crawler, Spore Crawler  
  191  11:07  Spine Crawler  
  191  11:09  Adrenal Glands  
  190  11:12  Hydralisk x2  
  190  11:13  Hydralisk x2  
  190  11:14  Ultralisk Cavern  
  196  11:27  Zergling x6  
  196  11:28  Overlord  
  176  11:35  Zergling x2  
  176  11:36  Zergling x34  
  176  11:39  Zergling x4  
  177  11:40  Zergling x2  
  177  11:43  Zergling x8  
  168  11:48  Zergling x2  
  132  11:58  Zergling x6  
  132  12:01  Zergling x6  
  109  12:02  Roach x2  
  109  12:03  Roach x2  
  109  12:06  Zergling x8  
  99  12:12  Roach x3  
  99  12:15  Zergling x2  
  96  12:21  Zergling x6  
  92  12:25  Roach x2  
  92  12:26  Zergling x2  
  92  12:29  Zergling x4  
Show
View Real Time Build Order
Export as new Build Order

Darkness Protoss - Winner!

Build Orders: 1 Gate Expand, Oracle Opening 

Get SALT Encoding   

  12  0:00  Probe  
  13  0:12  Probe  
  14  0:18  Pylon  
  14  0:24  Probe (Chrono Boost)  
  15  0:36  Probe (Chrono Boost)  
  15  0:38  Gateway  
  16  0:45  Probe (Chrono Boost)  
  16  0:48  Assimilator  
  17  0:51  Probe  
  18  1:03  Probe  
  19  1:15  Probe  
  20  1:25  Nexus  
  20  1:33  Cybernetics Core  
  20  1:38  Probe  
  21  1:44  Assimilator  
  21  1:50  Probe  
  21  1:54  Pylon  
  22  2:02  Probe  
  23  2:09  Adept (Chrono Boost)  
  23  2:14  Probe  
  26  2:16  Stargate  
  26  2:26  Probe  
  26  2:28  Warp Gate  
  27  2:30  Adept (Chrono Boost)  
  30  2:37  Probe  
  30  2:38  Probe  
  31  2:49  Probe  
  31  2:50  Probe  
  33  2:51  Gateway  
  33  2:54  Adept  
  35  3:01  Probe  
  35  3:02  Oracle (Chrono Boost)  
  39  3:10  Probe  
  40  3:13  Probe  
  40  3:19  Pylon  
  41  3:23  Probe  
  41  3:24  Assimilator  
  41  3:25  Probe  
  43  3:39  Probe  
  44  3:50  Oracle (Chrono Boost), Probe  
  44  3:57  Assimilator  
  44  3:58  Probe  
  44  4:02  Probe  
  46  4:14  Probe x2  
  46  4:15  Nexus  
  46  4:16  Adept x2  
  46  4:17  Pylon  
  52  4:26  Probe (Chrono Boost)  
  52  4:27  Probe (Chrono Boost)  
  52  4:28  Robotics Facility  
  52  4:29  Void Ray  
  54  4:36  Shield Battery  
  54  4:38  Sentry, Probe (Chrono Boost)  
  60  4:39  Probe (Chrono Boost)  
  62  4:46  Probe  
  62  4:49  Shield Battery  
  62  4:57  Pylon  
  62  5:00  Probe  
  62  5:02  Probe  
  62  5:12  Twilight Council  
  62  5:15  Forge, Probe x2, Observer, Pylon  
  65  5:27  Probe (Chrono Boost)  
  67  5:28  Probe (Chrono Boost)  
  67  5:29  Probe (Chrono Boost)  
  67  5:32  Protoss Ground Weapons Level 1 (Chrono Boost)  
  68  5:36  Sentry x2  
  68  5:39  Immortal, Probe (Chrono Boost)  
  68  5:40  Probe x2 (Chrono Boost)  
  79  5:43  Pylon  
  79  5:44  Probe (Chrono Boost)  
  79  5:45  Probe x2 (Chrono Boost)  
  79  5:46  Blink (Chrono Boost)  
  82  5:53  Probe  
  82  5:54  Probe  
  82  5:55  Probe  
  85  6:05  Probe  
  85  6:07  Probe x2  
  88  6:13  Assimilator  
  88  6:15  Assimilator  
  88  6:16  Gateway  
  88  6:18  Gateway x2, Probe  
  88  6:19  Gateway, Probe  
  88  6:21  Probe  
  90  6:30  Warp Prism, Probe  
  90  6:31  Pylon  
  93  6:33  Pylon  
  93  6:36  Sentry x2  
  93  6:39  Gateway  
  95  6:48  Probe x2  
  95  6:52  Probe  
  94  7:00  Sentry x2, Probe  
  99  7:05  Gateway  
  99  7:07  Photon Cannon  
  99  7:08  Pylon  
  96  7:23  Stalker  
  96  7:24  Stalker x5  
  96  7:26  Nexus  
  96  7:29  Pylon  
  108  7:30  Charge  
  108  7:39  Protoss Ground Weapons Level 2 (Chrono Boost)  
  108  7:40  Stalker  
  110  7:48  Robotics Bay  
  104  7:58  Stalker x6  
  116  8:07  Immortal (Chrono Boost)  
  116  8:08  Probe x3  
  116  8:10  Robotics Facility  
  123  8:16  Photon Cannon  
  123  8:20  Photon Cannon  
  123  8:21  Photon Cannon  
  123  8:22  Sentry x4  
  123  8:23  Stalker  
  123  8:24  Photon Cannon  
  123  8:25  Shield Battery  
  133  8:27  Shield Battery  
  133  8:36  Extended Thermal Lance, Colossus (Chrono Boost)  
  133  8:38  Probe x2  
  141  8:46  Observer  
  141  8:51  Stalker  
  141  8:52  Stalker x2  
  141  8:55  Pylon x2  
  147  8:57  Pylon  
  147  9:14  Colossus (Chrono Boost)  
  147  9:16  Probe x3, Colossus (Chrono Boost)  
  156  9:17  Assimilator  
  156  9:20  Assimilator  
  160  9:27  Zealot x6  
  144  9:32  Probe x3 (Chrono Boost)  
  144  9:33  Probe (Chrono Boost)  
  139  9:44  Probe x2 (Chrono Boost)  
  141  9:51  Probe (Chrono Boost)  
  141  9:52  Probe (Chrono Boost)  
  143  9:53  Probe (Chrono Boost)  
  143  9:55  Pylon  
  143  9:56  Pylon  
  144  10:09  Probe x2  
  144  10:13  Immortal x2  
  154  10:14  Pylon  
  154  10:15  Probe x2  
  154  10:17  Zealot x3  
  154  10:18  Zealot  
  154  10:20  Pylon  
  164  10:32  Probe x2  
  166  10:44  Stalker x7  
  166  10:48  Probe x2  
  166  10:49  Probe  
  173  11:03  Pylon  
  169  11:04  Pylon  
  169  11:17  Zealot x3  
  169  11:18  Zealot x2  
  179  11:22  Immortal x2  
  179  11:23  Pylon  
  185  11:26  Pylon  
  157  11:41  Stalker x5  
  145  12:01  Warp Prism (Chrono Boost)  
  135  12:11  Stalker x3  
  135  12:12  Stalker x5  

Tags
 
Add a new tag
Caveats
  • Supply blocks, unpowered buildings, or Contaminate may cause inaccurate times.
  • Supply counts are checked every 10 seconds.